 Dungeon Crawl Stone Soup version 0.21-a0-228-g14ccbf3 (webtiles) character file.

5 Ijustatesigmund the Shield-Bearer (level 1, -3/18 HPs)
             Began as a Formicid Fighter on Aug 31, 2017.
             Slain by a kobold
             ... wielding a +0 short sword
              (5 damage)
             ... on level 1 of the Dungeon.
             The game lasted 00:00:23 (77 turns).

Ijustatesigmund the Shield-Bearer (Formicid Fighter)  Turns: 77, Time: 00:00:24

Health: -3/18      AC:  6    Str: 20    XL:     1   Next: 88%
Magic:  1/1        EV:  7    Int:  7    God:
Gold:   0          SH:  9    Dex: 10    Spells: 0/0 levels left

rFire    . . .     SeeInvis +   a - +0 quarterstaff
rCold    . . .     Gourm    .   c - +0 shield
rNeg     . . .     Faith    .   b - +0 scale mail
rPois    .         Spirit   .   (helmet unavailable)
rElec    .         Reflect  .   (no cloak)
rCorr    .         Harm     .   (no gloves)
MR       .....                  (no boots)
Stlth    ..........             (no amulet)
HPRegen  0.06/turn              (no ring)
MPRegen  0.07/turn              (no ring)

@: lethally poisoned (-3 -> -32)
A: permanent stasis, dig shafts and tunnels, four strong arms, antennae 3
a: Dig, Shaft Self


You were on level 1 of the Dungeon.
You were not hungry.

You visited 1 branch of the dungeon, and saw 1 of its levels.

Inventory:

Hand Weapons
 a - a +0 quarterstaff (weapon)
Armour
 b - a +0 scale mail (worn)
 c - a +0 shield (worn)
Potions
 d - a potion of might
Comestibles
 f - 2 bread rations
 g - a meat ration


   Skills:
 + Level 3.5 Fighting
 * Level 2.2 Staves
 - Level 3.2 Armour
 - Level 3.6 Shields


You couldn't memorise any spells.
You didn't know any spells.

Dungeon Overview and Level Annotations

Branches:
Dungeon (1/15)

Altars:


Innate Abilities, Weirdness & Mutations

You cannot be hasted, slowed, berserked, paralysed or teleported.
You can dig through walls and to a lower floor.
Your four strong arms can wield two-handed weapons with a shield.
You have a pair of large antennae on your head. (SInv)


Message History

You are lethally poisoned!
You block the bat's attack.
The goblin hits you with a dagger of venom.
You are more poisoned.
You are too injured to fight recklessly!
You are too injured to fight recklessly!
Are you sure you want to shaft yourself?
You feel quite a bit more hungry.
You feel very sick. You block the bat's attack.
The bat hits you but does no damage. x2
You block the bat's attack. The bat hits you but does no damage.
The kobold hits you with a short sword.
* * * LOW HITPOINT WARNING * * *
You block the goblin's attack.
You begin to dig a shaft.
You continue digging a shaft.
* * * LOW HITPOINT WARNING * * *
You feel sick. The bat hits you but does no damage. You block the bat's attack.
The bat hits you but does no damage. The bat closely misses you.
The bat barely misses you. The kobold hits you with a short sword.
You die...

.. ########## ....
....?.)..# ....#####
.........# .........
#.#......#####
#.......
.............#
#.)..... #...gK.....#
#....... {#...b@b....#
#.......
#.!##†b.(..####......†
... #........##.......
# #......#.##[......
#......#.####....#
########.#.......#
#.#.##.####
#.#.##.####
#....#.†...


You could see a goblin, 3 bats and a kobold.

Vanquished Creatures
  A dart slug (D:1)
  A bat (D:1)
  2 frilled lizards (D:1)
  A rat (D:1)
5 creatures vanquished.

Notes
Turn   | Place    | Note
-------+----------+-------------------------------------------
     0 | D:1      | Ijustatesigmund the Formicid Fighter began the quest for the Orb.
     0 | D:1      | Reached XP level 1. HP: 18/18 MP: 1/1
    77 | D:1      | Slain by a kobold

Vault maps used:
D:1:      ncdulo_halloftheorcs, minmay_surrounded

Action                   || total
-------------------------++-------
Melee: Quarterstaff      ||    12
 Abil: Shaft Self        ||     1
Armor: Scale mail        ||     9
Dodge: Dodged            ||    12
Block: Shield            ||    16

Table legend:
 A = Spawn XP
 B = Non-spawn XP
 C = Spawn XP percentage of total XP
 D = Spawn monster count
 E = Non-spawn monster count
 F = Spawn count percentage of total count
 G = Total turns spent on level
                    A         B        C        D         E        F      G
               +---------+---------+-------+---------+---------+-------+---------
         Total |       0 |       8 |   0.0 |       0 |       5 |   0.0 |    77
               +---------+---------+-------+---------+---------+-------+---------
           D:1 |       0 |       8 |   0.0 |       0 |       5 |   0.0 |    77
               +---------+---------+-------+---------+---------+-------+---------
